 Dungeon Crawl Stone Soup version 0.30.1-4-g462c640d31 (webtiles) character file.

Game seed: 14283484894098751285

84 ChiefBigBeans the Ducker (level 4, -1/33 HPs)
             Began as a Djinni Fire Elementalist on Sept 5, 2023.
             Slain by a worm (6 damage)
             ... on level 2 of the Dungeon.
             The game lasted 00:05:11 (2144 turns).

ChiefBigBeans the Ducker (Djinni Fire Elementalist) Turns: 2144, Time: 00:05:12

Health: -1/33      AC: 10    Str:  7    XL:     4   Next: 72%
Gold:   80         EV:  8    Int: 18    God:
                   SH:  0    Dex: 16

rFire   + + .        c - +0 dagger
rCold   x . .        (no shield)
rNeg    . . .        f - +2 scale mail of the Blushing Gods {Harm}
rPois   ∞            (no helmet)
rElec   .            (no cloak)
rCorr   .            (no gloves)
SInv    .            (boots unavailable)
Will    .....        (no amulet)
Stlth   ++           (no ring)
HPRegen 0.25/turn    (no ring)
MPRegen 0.00/turn

%: harm (+30% outgoing, +20% incoming), infuse magic (-2 HP)
@: flying, slightly contaminated
A: sickness immunity, fire resistance 2, cold vulnerability 1, float, innate
caster, HP casting, extra vitality 1, claws 1, iridescent scales 1, thin
skeletal structure 1
a: no special abilities


You were on level 2 of the Dungeon.
You visited 1 branch of the dungeon, and saw 2 of its levels.

You collected 80 gold pieces.

Inventory:

Hand Weapons
 c - a +0 dagger (weapon)
Armour
 a - a +0 robe
 f - the +2 scale mail of the Blushing Gods (worn) {Harm}
   (You found it on level 2 of the Dungeon)

   Harm:      It increases damage dealt and taken.
 g - a +1 leather armour
Scrolls
 d - a scroll of silence {unknown}
 e - a scroll of identify
Potions
 b - a potion of curing


   Skills:
 + Level 1.8 Fighting
 + Level 1.6 Armour
 + Level 3.1 Dodging
 - Level 1.5 Stealth
 + Level 2.9 Spellcasting


You knew the following spells:

 Your Spells              Type           Power      Damage    Failure   Level
a - Foxfire               Conj/Fire      52%        2x1d6     52%         1
b - Scorch                Fire           26%        2d6       67%         2
c - Volatile Blastmotes   Fire/Tloc      26%        2d12      88%         3
d - Inner Flame           Hex/Fire       13%        N/A       88%         3
e - Flame Wave            Conj/Fire      13%        2d6       99%         4
f - Sandblast             Erth           26%        2d8       52%         1
Your spell library was empty.

Dungeon Overview and Level Annotations

Branches:
Dungeon (2/15)

Altars:

Shops:
D:1 *   D:2 ?


Innate Abilities, Weirdness & Mutations

You are immune to sickness and miasma.
You are immune to poison.
Your flesh is very heat resistant. (rF++)
You are vulnerable to cold. (rC-)
You float through the air rather than walking.
You learn spells naturally, not from books.
Your magical power is your life essence.
You have superior vitality. (+4 MHP)
You have sharp fingernails.
You are partially covered in iridescent scales. (AC +2)
You have a somewhat thin skeletal structure. (Dex +2, Stealth+)


Message History

The worm is heavily wounded.
The foxfire hits the worm.
The worm is severely wounded.
The worm bites you.
* * * LOW HITPOINT WARNING * * *
Casting: Foxfire (safe; 52% risk of failure)
Press: ? - help, Q - select action, (/) - cycle Dir - look around, f - activate You miscast Foxfire.
Nothing appears to happen.
* * * LOW HITPOINT WARNING * * *
Casting: Foxfire (safe; 52% risk of failure)
Press: ? - help, Q - select action, (/) - cycle Dir - look around, f - activate You conjure some foxfire!
* * * LOW HITPOINT WARNING * * *
The worm bites you but does no damage.
Casting: Foxfire (safe; 52% risk of failure)
Press: ? - help, Q - select action, (/) - cycle Dir - look around, f - activate You miscast Foxfire.
You are contaminated with residual magic.
Nothing appears to happen.
* * * LOW HITPOINT WARNING * * *
The foxfire hits the worm but does no damage.
The worm is heavily wounded.
The foxfire hits the worm.
The worm is almost dead.
The worm bites you but does no damage.
Casting: Foxfire (safe; 52% risk of failure)
Press: ? - help, Q - select action, (/) - cycle Dir - look around, f - activate You conjure some foxfire!
* * * LOW HITPOINT WARNING * * *
You feel less contaminated with magical energies.
Casting: Foxfire (safe; 52% risk of failure)
Press: ? - help, Q - select action, (/) - cycle Dir - look around, f - activate You conjure some foxfire!
* * * LOW HITPOINT WARNING * * *
The foxfire hits the worm.
The worm is almost dead.
The foxfire hits the worm.
The worm is almost dead.
The worm bites you.
You die...

... ... .. .. # ###. ...
...
.....#.###############.#
..........w@v..........#
...#..###.†v§...########
.... #..§....'.......
...# #.......######## ##
##...........#
#..########.# # #..#
###.###.### #..#
#.......... .... #..#
#.#..##.###


You could see a worm (ally target).

Vanquished Creatures
  4 adders (D:2)
  A worm (D:2)
  A dart slug (D:2)
  An endoplasm (D:2)
  2 giant cockroaches (D:1)
  3 goblins
  6 hobgoblins
  6 jackals (D:2)
  3 kobolds (D:1)
  2 quokkas (D:1)
  A ball python (D:2)
  3 bats
  A frilled lizard (D:1)
  6 rats
40 creatures vanquished.

Vanquished Creatures (others)
  128 foxfires
128 creatures vanquished.

Grand Total: 168 creatures vanquished

Notes
Turn   | Place    | Note
-------+----------+-------------------------------------------
     0 | D:1      | ChiefBigBeans the Djinni Fire Elementalist began the quest
                  | for the Orb.
     0 | D:1      | ChiefBigBeans set off with the following spells memorised:
                  | Foxfire, Scorch, Volatile Blastmotes, Inner Flame, Flame
                  | Wave.
     0 | D:1      | Reached XP level 1. HP: 15/15 MP: 0/0
   235 | D:1      | Reached XP level 2. HP: 18/22 MP: 0/0
   900 | D:1      | Found Ticwuce's Assorted Antiques.
   908 | D:1      | Gained mutation: You are partially covered in iridescent
                  | scales. (AC +2) [potion of mutation]
   908 | D:1      | Gained mutation: You have sharp fingernails. [potion of
                  | mutation]
   908 | D:1      | Gained mutation: You have a somewhat thin skeletal
                  | structure. (Dex +2, Stealth+) [potion of mutation]
   968 | D:1      | Reached skill level 1 in Fighting
  1176 | D:1      | Reached skill level 1 in Armour
  1176 | D:1      | Reached XP level 3. HP: 27/27 MP: 0/0
  1176 | D:1      | Learned a level 1 spell: Sandblast
  1491 | D:2      | HP: 1/27 [worm (2)]
  1776 | D:2      | Found Miujiem's Magic Scroll Shop.
  1789 | D:2      | Reached XP level 4. HP: 23/32 MP: 0/0
  1802 | D:2      | Reached skill level 3 in Dodging
  1952 | D:2      | Identified the +2 scale mail of the Blushing Gods {Harm}
  2144 | D:2      | Slain by a worm

Illustrated notes

Levels and vault maps discovered:
D:1:      denvon_arrival_planthouse, layout_basic, serial_shops, shop
D:2:      layout_basic, serial_shops, shop, wad_floor_pattern_untrapped,
          grunt_ministairs_1, amcnicky_mini_pool_small, uniq_natasha

Skill      XL: |  1  2  3  4 |
---------------+-------------+-----
Fighting       | 1 |  1.8
Armour         | 1 |  1.6
Dodging        | 3 |  3.1
Stealth        | |  1.5
Spellcasting   | |  2.9

Action                     |  1- 3 |  4- 6 || total
---------------------------+-------+-------++-------
  Melee: Dagger            |    47 |    23 ||    70
         Unarmed           |     1 |       ||     1
         Punch             |       |     1 ||     1
   Cast: Foxfire           |    60 |    33 ||    93
    Use: Potion            |     3 |       ||     3
         Scroll            |     2 |     1 ||     3
   Stab: Sleeping          |     2 |       ||     2
 Armour: Robe              |     4 |       ||     4
         Leather armour    |    12 |    19 ||    31
         Scale mail        |       |    28 ||    28
  Dodge: Dodged            |    19 |    50 ||    69
